[Event "DVM U16w 2024"]
[Site "Neumuenster"]
[Date "2024.12.29"]
[Round "5"]
[White "Schmidt, Emelie"]
[Black "Paliwal, Kashika"]
[Result "1/2-1/2"]
[ECO "D15"]
[WhiteElo "1545"]
[BlackElo "1812"]
[Annotator "NA"]
[PlyCount "58"]
[EventDate "2024.12.23"]
[EventType "team-tourn"]
[EventRounds "7"]
[EventCountry "GER"]
[SourceTitle "playchess.com"]
[Source "ChessBase"]
[SourceQuality "1"]
[TimeControl "40/5400+30:1800+30"]

1. d4 d5 2. c4 c6 3. Nf3 Nf6 4. Nc3 a6 5. a4 Bf5 6. Bg5 e6 7. e3 h6 8. Bh4 Nbd7 9. h3 Bd6 10. Bxf6 Qxf6 11. c5 Bc7 12. Be2 O-O 13. O-O Rfe8 14. Bd3 Bxd3 15. Qxd3 e5 16. Qc2 e4 17. Nd2 Qg5 18. Rfe1 Re6 19. f3 Rg6 20. Re2 Qg3 21. f4 Qxh3 22. Nf1 Qh4 23. g3 Qg4 24. b4 Nf6 25. Rh2 h5 26. Qg2 Qf5 27. Qb2 Ng4 28. Rg2 h4 29. gxh4 Qh5 1/2-1/2

[Event "DVM U16w 2024"]
[Site "Neumuenster"]
[Date "2024.12.29"]
[Round "5"]
[White "Gruber, Florentine"]
[Black "Ignatova, Gabriela"]
[Result "1-0"]
[ECO "A41"]
[WhiteElo "1539"]
[BlackElo "1595"]
[Annotator "NA"]
[PlyCount "21"]
[EventDate "2024.12.23"]
[EventType "team-tourn"]
[EventRounds "7"]
[EventCountry "GER"]
[SourceTitle "playchess.com"]
[Source "ChessBase"]
[SourceQuality "1"]
[TimeControl "40/5400+30:1800+30"]

1. d4 d6 2. c4 e5 3. Nf3 Nd7 4. g3 f5 5. Ng5 Ngf6 6. Ne6 Qe7 7. Nxc7+ Kd8 8. Nxa8 b6 9. Bg2 e4 10. Qa4 a5 11. Qc6 1-0

[Event "DVM U16w 2024"]
[Site "Neumuenster"]
[Date "2024.12.29"]
[Round "5"]
[White "Margaryan, Sofia"]
[Black "Mehner, Clara"]
[Result "1/2-1/2"]
[ECO "D35"]
[WhiteElo "1532"]
[BlackElo "1572"]
[Annotator "NA"]
[PlyCount "47"]
[EventDate "2024.12.23"]
[EventType "team-tourn"]
[EventRounds "7"]
[EventCountry "GER"]
[SourceTitle "playchess.com"]
[Source "ChessBase"]
[SourceQuality "1"]
[TimeControl "40/5400+30:1800+30"]

1. d4 d5 2. c4 c6 3. Nc3 Nf6 4. Bf4 e6 5. e3 Nbd7 6. cxd5 exd5 7. Bd3 Be7 8. Nf3 O-O 9. h3 b6 10. O-O Re8 11. a3 Nf8 12. b4 Be6 13. Rc1 Bc8 14. Qb3 Bb7 15. Rc2 Ng6 16. Bh2 Bd6 17. Bxd6 Qxd6 18. Rfc1 Rac8 19. Na4 Ne4 20. Bxe4 dxe4 21. Nd2 Nh4 22. Nf1 Qd7 23. Nc3 Re6 24. b5 1/2-1/2

[Event "DVM U16w 2024"]
[Site "Neumuenster"]
[Date "2024.12.29"]
[Round "5"]
[White "Tok, Tuana"]
[Black "Lippok, Hanna"]
[Result "1-0"]
[ECO "B00"]
[WhiteElo "1520"]
[BlackElo "744"]
[Annotator "NA"]
[PlyCount "113"]
[EventDate "2024.12.23"]
[EventType "team-tourn"]
[EventRounds "7"]
[EventCountry "GER"]
[SourceTitle "playchess.com"]
[Source "ChessBase"]
[SourceQuality "1"]
[TimeControl "40/5400+30:1800+30"]

1. e4 b6 2. Nf3 Bb7 3. Nc3 Nf6 4. e5 Ng4 5. h3 Nh6 6. Bc4 e6 7. O-O Rg8 8. d4 c5 9. Bxh6 gxh6 10. dxc5 Bxc5 11. Be2 Bb4 12. Qd2 Kf8 13. Qxh6+ Ke8 14. Qxh7 Kf8 15. Ne4 Rg7 16. Qh8+ Rg8 17. Qh7 Rg7 18. Qh4 Be7 19. Qf4 Qe8 20. Nf6 Bxf6 21. Qxf6 Rh7 22. Ng5 Rh4 23. Bd3 d6 24. Nh7+ Kg8 25. Qxh4 Qc6 26. Nf6+ Kf8 27. Qh8+ Ke7 28. exd6+ Kxd6 29. Qd8+ Ke5 30. Rfe1+ Kf4 31. Qd4+ Kg5 32. Qe5+ Kh6 33. Qh5+ Kg7 34. Qg5+ Kf8 35. Nh7+ Ke8 36. Rad1 Nd7 37. Re3 f6 38. Qg6+ Kd8 39. Nxf6 Nxf6 40. Qxf6+ Kc8 41. Qxe6+ Qxe6 42. Rxe6 Bd5 43. Re8+ Kb7 44. Rxa8 Kxa8 45. Re1 Bc6 46. Re6 Ba4 47. Be4+ Kb8 48. h4 Bd7 49. Re7 Kc7 50. h5 a5 51. h6 b5 52. h7 a4 53. h8=Q b4 54. Qh7 a3 55. Rxd7+ Kc8 56. Rf7 axb2 57. Qh8# 1-0

[Event "DVM U16w 2024"]
[Site "Neumuenster"]
[Date "2024.12.29"]
[Round "5"]
[White "Yan, Jenny"]
[Black "Grey, Paula"]
[Result "1-0"]
[ECO "A29"]
[WhiteElo "1501"]
[BlackElo "1221"]
[Annotator "NA"]
[PlyCount "78"]
[EventDate "2024.12.23"]
[EventType "team-tourn"]
[EventRounds "7"]
[EventCountry "GER"]
[SourceTitle "playchess.com"]
[Source "ChessBase"]
[SourceQuality "1"]
[TimeControl "40/5400+30:1800+30"]

1. c4 e5 2. g3 Nc6 3. Bg2 Bc5 4. d3 Nf6 5. Nf3 d6 6. Nc3 h6 7. O-O O-O 8. Bd2 Be6 9. Na4 Bb6 10. Nxb6 axb6 11. a3 e4 12. dxe4 Bxc4 13. Rc1 Bb5 14. Re1 Nxe4 15. Nd4 d5 16. Nxb5 Re8 17. Nc3 Na5 18. Nxe4 dxe4 19. Bxa5 bxa5 20. Qxd8 Raxd8 21. Rxc7 b5 22. Rec1 Kh7 23. Rxf7 e3 24. fxe3 Rc8 25. Rxc8 Rxc8 26. Rf5 Rb8 27. b4 axb4 28. axb4 Rb6 29. Be4 Kg8 30. Bd3 Re6 31. Rxb5 Rxe3 32. Kf2 Re8 33. Rc5 Rb8 34. b5 Kf8 35. Rc2 Ke7 36. Rb2 Kd6 37. b6 g5 38. b7 Kc7 39. Be4 Kd6 1-0

[Event "DVM U16w 2024"]
[Site "Neumuenster"]
[Date "2024.12.29"]
[Round "5"]
[White "Leuchsenring, Delia"]
[Black "Hoffmann, Svenja"]
[Result "0-1"]
[ECO "C47"]
[WhiteElo "1500"]
[BlackElo "1643"]
[Annotator "NA RC"]
[PlyCount "92"]
[EventDate "2024.12.23"]
[EventType "team-tourn"]
[EventRounds "7"]
[EventCountry "GER"]
[SourceTitle "playchess.com"]
[Source "ChessBase"]
[SourceQuality "1"]
[TimeControl "40/5400+30:1800+30"]

1. e4 e5 2. Nf3 Nc6 3. d4 exd4 4. Nxd4 Nf6 5. Nc3 Bb4 6. Nxc6 bxc6 7. Bd3 O-O 8. O-O Re8 9. Re1 Bb7 10. Bg5 d6 11. Qf3 Re6 12. Rad1 Bxc3 13. bxc3 c5 14. Bc4 Rxe4 15. Rxe4 Bxe4 16. Qe2 Bb7 17. Re1 h6 18. Bh4 g5 19. Bg3 d5 20. Rb1 Rb8 21. Bd3 Ne4 22. Bxe4 dxe4 23. Rd1 Qe7 24. h3 f5 25. Qc4+ Kh8 26. Qa4 f4 27. Bh2 c6 28. Re1 Re8 29. Qc4 Kg7 30. Qe2 Qe5 31. Qd2 Qd5 32. Qd1 Rd8 33. Qe2 Re8 34. c4 Qe5 35. Qd1 Bc8 36. Qd2 Qd4 37. Qe2 Bf5 38. Rd1 Qe5 39. Re1 Rd8 40. Kf1 Qd4 41. Bg1 Qc3 42. Rb1 f3 43. Qe3 Qxc4+ 44. Ke1 fxg2 45. Qe2 Qc3+ 46. Qd2 Qxd2# 0-1

[Event "DVM U16w 2024"]
[Site "Neumuenster"]
[Date "2024.12.29"]
[Round "5"]
[White "Funke, Luise"]
[Black "Koeppel, Clementine"]
[Result "1-0"]
[ECO "C42"]
[WhiteElo "1491"]
[BlackElo "1555"]
[Annotator "NA RC"]
[PlyCount "81"]
[EventDate "2024.12.23"]
[EventType "team-tourn"]
[EventRounds "7"]
[EventCountry "GER"]
[SourceTitle "playchess.com"]
[Source "ChessBase"]
[SourceQuality "1"]
[TimeControl "40/5400+30:1800+30"]

1. e4 e5 2. Nf3 Nf6 3. Nxe5 d6 4. Nf3 Nxe4 5. d4 d5 6. Bd3 Bg4 7. O-O Nf6 8. c4 c6 9. Nc3 Bxf3 10. Qxf3 dxc4 11. Qe3+ Be7 12. Bxc4 O-O 13. Qd3 Qd6 14. Be3 Ng4 15. g3 Nd7 16. Bf4 Qg6 17. Qxg6 hxg6 18. Rfe1 Bf6 19. Be2 Nh6 20. Rad1 Nf5 21. d5 cxd5 22. Rxd5 Nb6 23. Rd3 Rfe8 24. Kf1 Be5 25. Bxe5 Rxe5 26. Red1 Rae8 27. Bf3 R8e7 28. Rd8+ Kh7 29. Rb8 Nh6 30. Rdd8 g5 31. Bxb7 Re1+ 32. Kg2 Ng4 33. Bf3 Nf6 34. Bc6 Kg6 35. Rd4 Kh5 36. Bf3+ Kh6 37. Rbd8 R1e5 38. Bd1 Kg6 39. Bc2+ Kh5 40. Rh8+ Nh7 41. Rxh7# 1-0

[Event "DVM U16w 2024"]
[Site "Neumuenster"]
[Date "2024.12.29"]
[Round "5"]
[White "Quauck, Isabell"]
[Black "Fetahovic, Maida"]
[Result "0-1"]
[ECO "A00"]
[WhiteElo "1465"]
[BlackElo "1505"]
[Annotator "NA RC"]
[PlyCount "118"]
[EventDate "2024.12.23"]
[EventType "team-tourn"]
[EventRounds "7"]
[EventCountry "GER"]
[SourceTitle "playchess.com"]
[Source "ChessBase"]
[SourceQuality "1"]
[TimeControl "40/5400+30:1800+30"]

1. b4 e5 2. Bb2 e4 3. e3 Nf6 4. a3 d5 5. d3 Bd6 6. dxe4 dxe4 7. Nd2 Bf5 8. Qe2 a6 9. Rd1 O-O 10. Nc4 Qe7 11. Nxd6 cxd6 12. b5 Rc8 13. Qd2 Rd8 14. c4 b6 15. Bxf6 Qxf6 16. Qd5 Ra7 17. f3 Qc3+ 18. Rd2 Qxe3+ 19. Be2 Be6 20. Qxe4 Qxe4 21. fxe4 axb5 22. e5 bxc4 23. Nf3 Nc6 24. O-O h6 25. Ra1 Rad7 26. Nd4 Nxd4 27. Rxd4 dxe5 28. Rxd7 Rxd7 29. Rc1 Rc7 30. a4 c3 31. Kf1 Bb3 32. Bd1 Bxd1 33. Rxd1 c2 34. Rc1 Kf8 35. Ke1 Ke7 36. Kd2 Rd7+ 37. Kc3 Rc7+ 38. Kb3 Kd6 39. Kb4 Rc5 40. g4 e4 41. Kb3 Kd5 42. Kb2 Kd4 43. Rxc2 Rxc2+ 44. Kxc2 g6 45. Kd2 f5 46. gxf5 gxf5 47. Ke2 f4 48. h4 f3+ 49. Kf2 Kd3 50. h5 e3+ 51. Kxf3 e2 52. Kf2 Kd2 53. Kf3 e1=Q 54. a5 Qe3+ 55. Kg4 bxa5 56. Kh4 Qg5+ 57. Kh3 Ke3 58. Kh2 Kf2 59. Kh3 Qg3# 0-1

[Event "DVM U16w 2024"]
[Site "Neumuenster"]
[Date "2024.12.29"]
[Round "5"]
[White "Mauhs, Helena"]
[Black "Blome, Antonia"]
[Result "1/2-1/2"]
[ECO "B44"]
[WhiteElo "1249"]
[BlackElo "1228"]
[Annotator "NA"]
[PlyCount "67"]
[EventDate "2024.12.23"]
[EventType "team-tourn"]
[EventRounds "7"]
[EventCountry "GER"]
[SourceTitle "playchess.com"]
[Source "ChessBase"]
[SourceQuality "1"]
[TimeControl "40/5400+30:1800+30"]

1. e4 c5 2. Nf3 e6 3. d4 cxd4 4. Nxd4 Nc6 5. Nxc6 bxc6 6. c4 Nf6 7. Bg5 Qa5+ 8. Bd2 Qc7 9. Nc3 Bc5 10. Qf3 Qe5 11. Bf4 Qh5 12. Qxh5 Nxh5 13. Bd2 Bd4 14. Rd1 Nf6 15. Bd3 Ng4 16. O-O O-O 17. h3 Ne5 18. Be2 c5 19. Kh1 Bb7 20. f3 a6 21. f4 Ng6 22. Bd3 f5 23. Rde1 Ne7 24. Re2 Rae8 25. b3 g6 26. Nd1 fxe4 27. Bxe4 Bxe4 28. Rxe4 Nf5 29. Kh2 Nd6 30. Re2 e5 31. g3 exf4 32. Rxe8 Rxe8 33. Bxf4 Re2+ 34. Kh1 1/2-1/2

[Event "DVM U16w 2024"]
[Site "Neumuenster"]
[Date "2024.12.29"]
[Round "5"]
[White "Kasten, Luna Seraphine"]
[Black "Fetahovic, Sarah"]
[Result "0-1"]
[ECO "B21"]
[WhiteElo "1203"]
[BlackElo "1739"]
[Annotator "NA"]
[PlyCount "58"]
[EventDate "2024.12.23"]
[EventType "team-tourn"]
[EventRounds "7"]
[EventCountry "GER"]
[SourceTitle "playchess.com"]
[Source "ChessBase"]
[SourceQuality "1"]
[TimeControl "40/5400+30:1800+30"]

1. e4 c5 2. d4 cxd4 3. c3 e5 4. Bc4 Nc6 5. Nf3 Nf6 6. Bg5 dxc3 7. Nxc3 Bb4 8. Qd3 d6 9. O-O Bxc3 10. Qxc3 h6 11. Bh4 g5 12. Bg3 Nxe4 13. Qb3 Qe7 14. Rad1 f5 15. h3 f4 16. Bh2 h5 17. Bd5 Bf5 18. Qa4 Nc5 19. Bxc6+ Kf8 20. Qc4 bxc6 21. g3 Bxh3 22. Rfe1 Bg4 23. gxf4 Bxf3 24. Rc1 gxf4 25. Bxf4 Qg7+ 26. Bg3 Qg4 27. Qf1 h4 28. b3 hxg3 29. Rc4 Rh1# 0-1

[Event "DVM U16w 2024"]
[Site "Neumuenster"]
[Date "2024.12.29"]
[Round "5"]
[White "Daaboul, Shaimaa"]
[Black "Eger, Nora"]
[Result "0-1"]
[ECO "B08"]
[WhiteElo "1143"]
[BlackElo "1570"]
[Annotator "NA"]
[PlyCount "78"]
[EventDate "2024.12.23"]
[EventType "team-tourn"]
[EventRounds "7"]
[EventCountry "GER"]
[SourceTitle "playchess.com"]
[Source "ChessBase"]
[SourceQuality "1"]
[TimeControl "40/5400+30:1800+30"]

1. d4 Nf6 2. Nc3 g6 3. e4 d6 4. h3 Bg7 5. Nf3 O-O 6. Be2 Nbd7 7. Be3 e5 8. Qd2 Re8 9. h4 exd4 10. Nxd4 Nxe4 11. Nxe4 Rxe4 12. h5 Qe7 13. hxg6 fxg6 14. Bd3 Rxd4 15. O-O-O Rh4 16. Rhe1 Qf6 17. c3 Ne5 18. Bc2 Be6 19. Bg5 Qxg5 20. Qxg5 Bh6 21. Qxh6 Rxh6 22. f4 Bg4 23. Rd5 Nc6 24. Re3 Rh5 25. Rd2 Rh1+ 26. Bd1 Bxd1 27. Rxd1 Rxd1+ 28. Kxd1 Kf7 29. Kd2 Re8 30. Rh3 Kg7 31. g4 Re4 32. Rf3 Na5 33. Kd3 d5 34. f5 Rxg4 35. f6+ Kf7 36. Rh3 h5 37. Rf3 Nc4 38. Kc2 Rg2+ 39. Kb3 Nd2+ 0-1

[Event "DVM U16w 2024"]
[Site "Neumuenster"]
[Date "2024.12.29"]
[Round "5"]
[White "Dong, Beicen"]
[Black "Sniegowski, Victoria"]
[Result "1-0"]
[ECO "A85"]
[WhiteElo "1052"]
[BlackElo "1536"]
[Annotator "NA"]
[PlyCount "50"]
[EventDate "2024.12.23"]
[EventType "team-tourn"]
[EventRounds "7"]
[EventCountry "GER"]
[SourceTitle "playchess.com"]
[Source "ChessBase"]
[SourceQuality "1"]
[TimeControl "40/5400+30:1800+30"]

1. d4 d6 2. Nf3 f5 3. c4 g6 4. Nc3 Nf6 5. Bf4 Bg7 6. e3 O-O 7. c5 d5 8. Qb3 e6 9. Bd3 b6 10. Nb5 Ne8 11. Rc1 Bd7 12. Ne5 c6 13. cxb6 cxb5 14. b7 Qa5+ 15. Ke2 Nc7 16. Rxc7 Qxc7 17. bxa8=Q Bxe5 18. Bxe5 Qb6 19. Bd6 Rc8 20. Bxb8 Rxb8 21. Qxb8+ Qxb8 22. f4 Qc7 23. Kd2 Qa5+ 24. Ke2 Qc7 25. Qc3 Qxc3 1-0